 Dungeon Crawl Stone Soup version 0.29.1-13-g9f3cf754e1 (webtiles) character file.

Game seed: 16423114392994000040

401 GigaChad the Covered (level 6, -6/56 HPs)
             Began as a Minotaur Fighter on Jan 26, 2023.
             Mangled by an ice beast (14 damage)
             ... on level 5 of the Dungeon.
             The game lasted 00:04:23 (2773 turns).

GigaChad the Covered (Minotaur Fighter)             Turns: 2773, Time: 00:04:23

Health: -6/56      AC: 12    Str: 22    XL:     6   Next: 54%
Magic:  5/5        EV:  6    Int:  5    God:
Gold:   194        SH:  4    Dex: 10    Spells: 5/5 levels left

rFire   . . .      SeeInvis .   a - +0 war axe
rCold   . . .      Faith    .   c - +0 buckler
rNeg    . . .      Spirit   .   A - +0 plate armour
rPois   .          Reflect  .   (helmet restricted)
rElec   .          Harm     .   (no cloak)
rCorr   .          Rampage  .   (no gloves)
Will    .....                   (no boots)
Stlth   ..........              (no amulet)
HPRegen 0.18/turn               (no ring)
MPRegen 0.09/turn               (no ring)

@: no status effects
A: horns 2, retaliatory headbutt
a: no special abilities


You were on level 5 of the Dungeon.
You visited 1 branch of the dungeon, and saw 5 of its levels.

You collected 194 gold pieces.

Inventory:

Hand Weapons
 a - a +0 war axe (weapon)
 u - a +6 club
Armour
 b - a +0 scale mail
 c - a +0 buckler (worn)
 t - a +0 chain mail
 A - a +0 plate armour (worn)
Wands
 y - a wand of paralysis (10)
 z - a wand of iceblast (8)
Scrolls
 i - a scroll of summoning {unknown}
 k - 2 scrolls of blinking {unknown}
 l - 4 scrolls of immolation
 m - a scroll of teleportation
 n - 2 scrolls of butterflies
 q - a scroll of magic mapping
 v - 3 scrolls of identify
 w - a scroll of enchant weapon {unknown}
 x - a scroll of amnesia {unknown}
Potions
 d - 3 potions of might
 e - 2 potions of flight {unknown}
 f - a potion of lignification {unknown}
 g - a potion of magic {unknown}
 h - a potion of haste {unknown}
 j - 2 potions of curing {unknown}
 o - 2 potions of degeneration {unknown}
 p - 2 potions of cancellation {unknown}
 r - a potion of mutation {unknown}
 s - 4 potions of heal wounds {unknown}


   Skills:
 + Level 5.1 Fighting
 + Level 5.3 Axes
 + Level 5.7 Armour
 + Level 1.1 Dodging
 + Level 4.5 Shields


You had 5 spell levels left.
You didn't know any spells.
Your spell library contained the following spells:

 Spells                   Type           Power      Damage    Failure   Level
 Magic Dart               Conj           0%         1d3       100%        1
 Ensorcelled Hibernation  Hex/Ice        0%         N/A       100%        2
 Passwall                 Tmut/Erth      0%         N/A       100%        2
 Searing Ray              Conj           0%         2d4       100%        2
 Swiftness                Air            0%         N/A       100%        3
 Fulminant Prism          Conj/Hex       0%         3d6       100%        4


Dungeon Overview and Level Annotations

Branches:
Dungeon (5/15)
 Temple: D:4-7

Altars:
Zin

Shops:
D:4 *


Innate Abilities, Weirdness & Mutations

You have a pair of horns on your head.
You reflexively headbutt those who attack you in melee.


Message History

You completely miss the ice beast. The ice beast hits you.
The ice beast freezes you! The scorpion stings you.
The hound barely misses you. You furiously retaliate!
You headbutt the hound! You barely miss the scorpion.
Your headbutt misses the scorpion.
The scorpion is heavily wounded.
You barely miss the hound. You barely miss the ice beast.
The scorpion stings you but does no damage.
The hound completely misses you. You furiously retaliate!
You headbutt the hound, but do no damage.
The ice beast hits you. The ice beast freezes you! The scorpion stings you.
The hound bites you but does no damage. You block the ice beast's attack.
You closely miss the scorpion. You headbutt the scorpion!
The scorpion is almost dead.
You slash the hound!
You kill the hound!
You hit the ice beast.
The scorpion stings you but does no damage.
The ice beast hits you. The ice beast freezes you.
You closely miss the scorpion. Your headbutt misses the scorpion.
The scorpion is almost dead.
You barely miss the ice beast.
The scorpion stings you but does no damage.
The ice beast hits you but does no damage.
The scorpion stings you but does no damage.
You slash the scorpion!
You kill the scorpion!
You barely miss the ice beast.
The ice beast hits you but does no damage. x2
The ice beast hits you but does no damage.
The ice beast hits you but does no damage.
You slash the ice beast!
The ice beast is moderately wounded.
The ice beast hits you. The ice beast freezes you!
* * * LOW HITPOINT WARNING * * *
You hit the ice beast.
The ice beast is heavily wounded.
The ice beast hits you.
* * * LOW HITPOINT WARNING * * *
The ice beast freezes you!
You die...

. ...
#...#############
#.....<.@....?...
########Y########
#...# .....#
.#.#..# ........#
.#.#.#.##
.[.....#


You could see an ice beast.

Vanquished Creatures
  An ogre (D:4)
  2 scorpions
  2 hounds
  Jessica (D:2)
  3 gnolls (D:3)
  2 adders (D:2)
  3 worms
  A dart slug (D:4)
  10 ball pythons
  A bat (D:1)
  7 endoplasms
  5 giant cockroaches
  2 goblins (D:1)
  6 hobgoblins
  2 jackals (D:1)
  4 frilled lizards
  3 kobolds
  2 rats
57 creatures vanquished.

Notes
Turn   | Place    | Note
-------+----------+-------------------------------------------
     0 | D:1      | GigaChad the Minotaur Fighter began the quest for the Orb.
     0 | D:1      | Reached XP level 1. HP: 19/19 MP: 0/0
    85 | D:1      | Reached XP level 2. HP: 23/27 MP: 1/1
   756 | D:1      | Reached XP level 3. HP: 31/33 MP: 2/2
  1218 | D:2      | Noticed Jessica
  1220 | D:2      | Killed Jessica
  1221 | D:2      | Reached XP level 4. HP: 38/41 MP: 3/3
  1362 | D:2      | Found a faded altar of an unknown god.
  1689 | D:3      | Noticed a scorpion
  1693 | D:3      | Killed a scorpion
  1694 | D:3      | Reached skill level 5 in Armour
  1694 | D:3      | Reached XP level 5. HP: 42/47 MP: 4/4
  1774 | D:3      | Found a glowing silver altar of Zin.
  2430 | D:4      | Reached skill level 1 in Dodging
  2468 | D:4      | Identified the +4 dagger "Haeployh" {vamp, rCorr Str+6
                  | SInv}
  2513 | D:4      | Found Ytrikk's General Store.
  2533 | D:4      | Noticed an ogre
  2540 | D:4      | Killed an ogre
  2541 | D:4      | Reached skill level 5 in Fighting
  2541 | D:4      | Reached XP level 6. HP: 56/56 MP: 5/5
  2604 | D:4      | Reached skill level 5 in Axes
  2761 | D:5      | Entered Level 5 of the Dungeon
  2762 | D:5      | Noticed an ice beast
  2773 | D:5      | Mangled by an ice beast

Illustrated notes

Levels and vault maps discovered:
D:1:      lemuel_arrival_broad_hall, layout_loops_ring
D:2:      layout_basic, hellmonk_ecumenical_altar_zigzags, uniq_jessica
D:3:      layout_loops_ring, zin_scriptorium, chequers_avenue
D:4:      layout_cave_pools, serial_shops, shop_statue
D:5:      layout_loops_ring, nicolae_gozag_seed_capital, serial_glass,
          glass_columns_b, glass_columns_b, uniq_blork_the_orc, uniq_grinder

Skill      XL: |  1  2  3  4  5  6 |
---------------+-------------------+-----
Fighting       | 4 5 |  5.1
Armour         | 4 5 |  5.7
Axes           | 3 4 5 |  5.3
Shields        | 4 |  4.5
Dodging        | 1 |  1.1

Action                   |  1- 3 |  4- 6 || total
-------------------------+-------+-------++-------
Melee: War axe           |    64 |    55 ||   119
       Headbutt          |     3 |     9 ||    12
  Use: Scroll            |     4 |       ||     4
Armor: Scale mail        |    28 |       ||    28
       Chain mail        |     6 |    34 ||    40
       Plate armour      |       |    13 ||    13
Dodge: Dodged            |    29 |    33 ||    62
Block: Buckler           |     9 |    20 ||    29
